 Dungeon Crawl Stone Soup version 0.29.1-2-gbd0b4ee654 (webtiles) character file.

Game seed: 48554248688849176

25300 Avanven the Brawler (level 12, -9/156 HPs)
             Began as a Troll Fighter on Nov 13, 2022.
             Was the Champion of Okawaru.
             Mangled by a fire elemental (10 damage)
             ... summoned by a deep elf pyromancer
             ... on level 12 of the Dungeon.
             The game lasted 00:28:04 (12891 turns).

Avanven the Brawler (Troll Fighter)                Turns: 12891, Time: 00:28:04

Health: -9/156     AC: 15    Str: 33 (35) XL:     12   Next: 88%
Magic:  23/23      EV:  8    Int:  3 (4)  God:    Okawaru [******]
Gold:   1515       SH:  6    Dex:  3 (6)  Spells: 11/11 levels left

rFire   . . .      SeeInvis .     - Unarmed
rCold   . . .      Faith    .   b - +0 kite shield
rNeg    + + .      Spirit   .   x - +1 steam dragon scales
rPois   +          Reflect  .   H - +2 hat "Taodapsa" {rN+ MP+9 Str+4 Dex-3}
rElec   .          Harm     .   B - +2 cloak {rPois}
rCorr   +          Rampage  .   (gloves unavailable)
Will    .....                   (boots unavailable)
Stlth   ..........              (no amulet)
HPRegen 1.16/turn               d - ring of positive energy
MPRegen 0.18/turn               m - ring of resist corrosion

@: berserking, very quick
A: large, unfitting armour, claws 3, regeneration 1, shaggy fur 1, tough skin 1
a: Renounce Religion, Heroism, Finesse, Duel


You were on level 12 of the Dungeon.
You worshipped Okawaru.
Okawaru was exalted by your worship.
You visited 4 branches of the dungeon, and saw 19 of its levels.
You also visited: Ossuary and Volcano.

You collected 1515 gold pieces.

Inventory:

Armour
 b - a +0 kite shield (worn)
 x - +1 steam dragon scales (worn)
 B - a +2 cloak of poison resistance (worn)
 G - the +2 hat "Dappyl" {+Blink rPois Dex-4}
   (Okawaru gifted it to you on level 3 of the Lair of Beasts)

   Dex:       It affects your dexterity (-4).
   rPois:     It protects you from poison.
   +Blink:    It lets you blink.
 H - the +2 hat "Taodapsa" (worn) {rN+ MP+9 Str+4 Dex-3}
   (Okawaru gifted it to you on level 11 of the Dungeon)

   Str:       It affects your strength (+4).
   Dex:       It affects your dexterity (-3).
   rN:        It protects you from negative energy.
   MP:        It affects your magic capacity (+9).
Jewellery
 d - a ring of positive energy (left claw)
 m - a ring of resist corrosion (right claw)
 o - a ring of positive energy
 r - a ring of protection from cold
 t - a ring of flight
 y - a ring of ice
Wands
 c - a wand of polymorph (3)
 e - a wand of roots (35)
 u - a wand of flame (32)
 z - a wand of mindburst (23)
 C - a wand of digging (5)
Scrolls
 i - 2 scrolls of enchant weapon
 k - a scroll of poison
 n - a scroll of brand weapon
 v - 4 scrolls of teleportation
 A - a scroll of torment
 D - 7 scrolls of identify
 F - a scroll of enchant armour
 I - a scroll of amnesia
Potions
 a - 2 potions of might
 f - a potion of lignification
 g - 4 potions of curing
 h - 5 potions of invisibility
 p - 2 potions of cancellation
 q - 2 potions of haste
 s - 2 potions of attraction
 w - a potion of brilliance
 E - 2 potions of magic


   Skills:
 - Level 2.4 Fighting
 + Level 9.1 Armour
 - Level 2.4 Dodging
 - Level 2.6 Shields
 + Level 18.1 Unarmed Combat
 - Level 4.7 Invocations


You had 11 spell levels left.
You didn't know any spells.
Your spell library contained the following spells:

 Spells                   Type           Power      Damage    Failure   Level
 Beastly Appendage        Tmut           0%         N/A       83%         1
 Foxfire                  Conj/Fire      0%         2x1d4     83%         1
 Necrotise                Necr           0%         1d4       83%         1
 Shock                    Conj/Air       0%         1d3       83%         1
 Wereblood                Tmut           0%         N/A       92%         2
 Conjure Flame            Conj/Fire      0%         6-21      99%         3
 Gell's Gravitas          Tloc           0%         N/A       99%         3
 Inner Flame              Hex/Fire       0%         N/A       99%         3
 Lesser Beckoning         Tloc           0%         N/A       99%         3
 Ozocubu's Armour         Ice            0%         N/A       99%         3
 Portal Projectile        Hex/Tloc       0%         N/A       99%         3
 Spider Form              Tmut/Pois      0%         N/A       99%         3
 Swiftness                Air            0%         N/A       99%         3
 Teleport Other           Tloc           0%         N/A       99%         3
 Vampiric Draining        Necr           0%         2d6       99%         3
 Airstrike                Air            0%         2d(0-16)  100%        4
 Flame Wave               Conj/Fire      0%         2d4       100%        4
 Leda's Liquefaction      Hex/Erth       0%         N/A       100%        4
 Agony                    Necr           0%         N/A       100%        5
 Metabolic Englaciation   Hex/Ice        0%         N/A       100%        5
 Call Canine Familiar     Summ           Unusable   N/A       N/A         3
 Simulacrum               Ice/Necr       Unusable   N/A       N/A         6

Dungeon Overview and Level Annotations

Branches:
Dungeon (12/15)            Temple (1/1) D:6            Lair (5/5) D:11
 Spider (1/4) Lair:3      Ossuary (visited)         Volcano (visited)
  Swamp: Lair:2-3    Shoals: Lair:2-3     Slime: Lair:4-5       Orc: D:9-12

Altars:
Ashenzari
Cheibriados
Dithmenos
Elyvilon
Fedhas
Gozag
Hepliaklqana
Kikubaaqudgha
Makhleb
Nemelex Xobeh
Okawaru
Qazlal
Ru
Sif Muna
Trog
Uskayaw
Vehumet
Wu Jian
Xom
Yredelemnul
The Shining One

Annotations:
Lair:4 2 transporters, Bayhych's ghost, journeyman BaFi


Innate Abilities, Weirdness & Mutations

You are too large for most types of armour.
You have claws for hands.
Your natural rate of healing is unusually fast.
You are covered in fur. (AC +1)
You have tough skin. (AC +1)


Message History

The deep elf pyromancer mumbles some strange words.
You barely miss the fire elemental.
The deep elf pyromancer casts a spell.
The fire elemental disappears in a puff of smoke!
The fire elemental hits you. The fire elemental burns you!
The fire elemental hits you. The fire elemental burns you!
The deep elf pyromancer points at you and mumbles some strange words.
The bolt of fire hits you!! The fire elemental hits you.
The fire elemental burns you! The fire elemental hits you.
The fire elemental burns you!
The deep elf pyromancer casts a spell at you.
The sticky flame hits you!
You are covered in liquid flames!
You closely miss the deep elf pyromancer.
You are covered in liquid flames!
* * * LOW HITPOINT WARNING * * *
You block the fire elemental's attack. The fire elemental hits you.
The fire elemental burns you!
* * * LOW HITPOINT WARNING * * *
The fire elemental barely misses you.
You mangle the deep elf pyromancer!!
The deep elf pyromancer is severely wounded.
You are covered in liquid flames!
* * * LOW HITPOINT WARNING * * *
You block the fire elemental's attack. The fire elemental hits you.
The fire elemental burns you!
* * * LOW HITPOINT WARNING * * *
The fire elemental hits you. The fire elemental burns you!
* * * LOW HITPOINT WARNING * * *
The deep elf pyromancer completely misses you.
A red film seems to cover your vision as you go berserk!
You feel yourself moving faster!
You feel mighty!
You are covered in liquid flames!
* * * LOW HITPOINT WARNING * * *
The fire elemental hits you. The fire elemental burns you!
* * * LOW HITPOINT WARNING * * *
The fire elemental hits you. The fire elemental burns you!
* * * LOW HITPOINT WARNING * * *
The fire elemental hits you. The fire elemental burns you!
You die...

## ##################...
.#######....................
.........###########...##...
##.........#...##....###
######.........#...##
######..............#
................§...#
####.............E..#
.....##.........@E°.#
#.....##...#...#eE°.#
....#.#########.....#
......# ..#...# .....#
...##### ..#.##.# ..##
.......... .## .........###
##.......#


You could see a deep elf pyromancer and 3 fire elementals.

Vanquished Creatures
  A ghost moth (Lair:4)
  Nessos (D:12)
  A fire dragon (Lair:3)
  2 two-headed ogres (D:10)
  2 skeletal warriors (Volcano)
  A pharaoh ant (Spider:1)
  3 anaconda skeletons (Volcano)
  A manticore (D:12)
  A cyclops (D:11)
  3 black mambas
  3 cane toads (Lair:1)
  5 gargoyles (Volcano)
  Psyche (D:8)
  2 kobold demonologists
  A rime drake (Lair:1)
  4 komodo dragons
  2 hornets
  A slime creature (Lair:3)
  Grinder (D:3)
  2 harpy skeletons (Volcano)
  4 blink frogs (Lair:1)
  An alligator skeleton (Volcano)
  Sigmund (D:4)
  3 flying skulls (Volcano)
  A jumping spider (Lair:3)
  16 yaks
  5 wyverns
  2 wraiths
  2 basilisks
  A vampire (D:12)
  2 redbacks
  2 steam dragons
  3 swamp worms (Lair:2)
  7 water moccasins
  Duvessa (D:4)
  6 orc warriors
  A sky beast (D:8)
  A black bear (D:5)
  3 wolves (Lair:3)
  2 ogres
  4 centaurs
  A phantom (D:5)
  Blork the orc (D:4)
  4 kobold brigands
  10 bullfrogs
  A necrophage (D:6)
  3 scorpions (D:6)
  Dowan (D:4)
  9 killer bees (D:7)
  4 howler monkeys
  2 spriggan skeletons (Volcano)
  A troll skeleton (Volcano)
  A gnoll bouda (D:9)
  2 hounds
  7 orc priests
  Crazy Yiuf (D:4)
  Natasha (thrice) (D:3)
  4 iguanas (D:6)
  10 orc wizards
  2 naga skeletons (Volcano)
  8 mummies (Ossuary)
  Robin (D:2)
  3 gnolls (D:9)
  6 adders
  2 shadow imps (D:6)
  A white imp (D:7)
  An ufetubus (D:5)
  2 worms (D:2)
  6 dart slugs
  61 orcs
  16 ball pythons
  3 endoplasms
  6 giant cockroaches
  2 gnoll zombies (Ossuary)
  19 goblins
  9 hobgoblins
  12 jackals
  8 bats
  3 frilled lizards
  2 hobgoblin zombies (Ossuary)
  23 kobolds
  4 orc zombies (Ossuary)
  8 rats
379 creatures vanquished.

Vanquished Creatures (others)
  4 fungi
  A plant (Lair:1)
5 creatures vanquished.

Grand Total: 384 creatures vanquished

Notes
Turn   | Place    | Note
-------+----------+-------------------------------------------
     0 | D:1      | Avanven the Troll Fighter began the quest for the Orb.
     0 | D:1      | Reached XP level 1. HP: 22/22 MP: 0/0
    94 | D:1      | Reached XP level 2. HP: 27/29 MP: 1/1
   293 | D:1      | Reached skill level 3 in Unarmed Combat
   591 | D:1      | Reached XP level 3. HP: 36/36 MP: 2/2
   862 | D:2      | Reached skill level 4 in Unarmed Combat
   907 | D:2      | Reached XP level 4. HP: 41/44 MP: 3/3
   928 | D:2      | Noticed Robin
   952 | D:2      | Killed Robin
  1341 | D:2      | Reached skill level 5 in Unarmed Combat
  1488 | D:2      | Found a sacrificial altar of Ru.
  1649 | D:3      | Noticed Natasha
  1649 | D:3      | Noticed Grinder
  1728 | D:3      | Paralysed by Grinder for 3 turns
  1865 | D:2      | Reached XP level 5. HP: 50/50 MP: 4/4
  1908 | D:3      | Paralysed by Grinder for 3 turns
  1916 | D:3      | Killed Grinder
  1917 | D:3      | Reached skill level 6 in Unarmed Combat
  1917 | D:3      | Reached XP level 6. HP: 45/59 MP: 5/5
  1956 | D:3      | Killed Natasha
  2055 | D:3      | Noticed Natasha
  2059 | D:3      | Killed Natasha
  2060 | D:3      | Reached skill level 7 in Unarmed Combat
  2124 | D:3      | Found a faded altar of an unknown god.
  2161 | D:3      | Found an iron altar of Okawaru.
  2164 | D:3      | You fall into a shaft and drop 1 floor!
  2178 | D:4      | Noticed Blork the orc
  2189 | D:4      | Killed Blork the orc
  2240 | D:4      | Found a sand-covered staircase.
  2263 | Ossuary  | Entered an ossuary
  2310 | Ossuary  | Reached XP level 7. HP: 64/66 MP: 6/6
  2349 | Ossuary  | Reached skill level 8 in Unarmed Combat
  2665 | D:4      | Found a shadowy altar of Dithmenos.
  2674 | D:4      | Found a radiant altar of Vehumet.
  2769 | D:4      | Noticed Sigmund
  2777 | D:4      | Killed Sigmund
  2778 | D:4      | Reached skill level 9 in Unarmed Combat
  2891 | D:3      | Became a worshipper of Warmaster Okawaru
  2926 | D:3      | Noticed Natasha
  2947 | D:3      | Killed Natasha
  2982 | D:3      | Found an ornate altar of the Wu Jian Council.
  3176 | D:4      | Noticed Duvessa
  3176 | D:4      | Noticed Dowan
  3186 | D:4      | Killed Duvessa
  3195 | D:4      | Killed Dowan
  3196 | D:4      | Reached XP level 8. HP: 50/74 MP: 7/7
  3266 | D:4      | Found a runed translucent door.
  3267 | D:4      | Noticed Crazy Yiuf
  3557 | D:4      | Found an ancient bone altar of Kikubaaqudgha.
  3657 | D:4      | Killed Crazy Yiuf
  3844 | D:5      | Entered Level 5 of the Dungeon
  4107 | D:5      | Reached skill level 10 in Unarmed Combat
  4154 | D:5      | Reached * piety under Okawaru
  4587 | D:6      | Found a white marble altar of Elyvilon.
  4625 | D:6      | Reached skill level 11 in Unarmed Combat
  4641 | D:6      | Found an opulent altar of Gozag.
  4642 | D:6      | Found a sparkling altar of Nemelex Xobeh.
  4770 | D:6      | Found a staircase to the Ecumenical Temple.
  4798 | Temple   | Entered the Ecumenical Temple
  5033 | D:6      | Reached ** piety under Okawaru
  5034 | D:6      | Reached XP level 9. HP: 80/80 MP: 8/8
  5076 | D:6      | Reached skill level 1 in Invocations
  5139 | D:6      | Reached skill level 12 in Unarmed Combat
  6328 | D:8      | Reached *** piety under Okawaru
  6591 | D:8      | Noticed Psyche
  6606 | D:8      | Killed Psyche
  6607 | D:8      | Reached skill level 13 in Unarmed Combat
  6770 | D:8      | Reached XP level 10. HP: 82/88 MP: 12/12
  6806 | D:8      | Found a sacrificial altar of Ru.
  6846 | D:9      | Reached **** piety under Okawaru
  6861 | D:9      | Found a stormy altar of Qazlal.
  7059 | D:9      | Reached skill level 14 in Unarmed Combat
  7433 | D:10     | Entered Level 10 of the Dungeon
  7635 | D:10     | Noticed a two-headed ogre
  7645 | D:10     | Killed a two-headed ogre
  7646 | D:10     | Reached skill level 15 in Unarmed Combat
  7978 | D:10     | Noticed a rust devil
  7985 | D:10     | Reached skill level 1 in Armour
  8149 | D:10     | Noticed a two-headed ogre
  8162 | D:10     | Killed a two-headed ogre
  8384 | D:11     | Reached ***** piety under Okawaru
  8385 | D:11     | Noticed a cyclops
  8393 | D:11     | Killed a cyclops
  8461 | D:11     | Found a staircase to the Lair.
  8526 | D:11     | Reached XP level 11. HP: 94/94 MP: 13/13
  8749 | D:11     | Identified the +2 hat "Taodapsa" {rN+ MP+9 Str+4 Dex-3}
                  | (Okawaru gifted it to you on level 11 of the Dungeon)
  8749 | D:11     | Received a gift from Okawaru
  8753 | D:11     | Noticed an eight-headed hydra
  8811 | Lair:1   | Entered Level 1 of the Lair of Beasts
  9653 | Lair:1   | Reached skill level 16 in Unarmed Combat
 10162 | Lair:1   | Reached skill level 5 in Armour
 10505 | Lair:2   | Identified the +2 barding "Ynkaimn" {rElec MP+9 Slay+3}
 10922 | Lair:2   | Noticed a seven-headed hydra
 10923 | Lair:2   | Noticed a seven-headed hydra
 10946 | Lair:3   | Noticed a five-headed hydra
 10948 | Lair:3   | a five-headed hydra changed into a slime creature
 10953 | Lair:3   | Identified the +2 hat "Dappyl" {+Blink rPois Dex-4}
                  | (Okawaru gifted it to you on level 3 of the Lair of Beasts)
 10953 | Lair:3   | Received a gift from Okawaru
 11321 | Lair:3   | Reached XP level 12. HP: 97/104 MP: 14/14
 11365 | Lair:3   | Noticed a seven-headed hydra
 11367 | Lair:3   | Noticed a fire dragon
 11367 | Lair:3   | a seven-headed hydra changed into a fire dragon
 11376 | Lair:3   | Killed a fire dragon
 11377 | Lair:3   | Reached skill level 17 in Unarmed Combat
 11756 | Lair:3   | Found a hole to the Spider Nest.
 11869 | Lair:4   | Found a transporter.
 11892 | Lair:4   | Found a dark tunnel.
 11899 | Volcano  | Entered a volcano
 12299 | Lair:4   | Noticed an eight-headed hydra
 12349 | Lair:4   | Noticed Bayhych's ghost (journeyman BaFi)
 12361 | Lair:4   | Found a transporter.
 12389 | Lair:4   | an eight-headed hydra changed into something unseen
 12402 | Lair:4   | Killed a ghost moth
 12439 | Lair:5   | Entered Level 5 of the Lair of Beasts
 12526 | Spider:1 | Entered Level 1 of the Spider Nest
 12536 | Spider:1 | Noticed a broodmother
 12678 | D:12     | Reached skill level 18 in Unarmed Combat
 12797 | D:12     | Noticed Nessos
 12811 | D:12     | Killed Nessos
 12811 | D:12     | Received a gift from Okawaru
 12816 | D:12     | Reached ****** piety under Okawaru
 12891 | D:12     | HP: 5/156 [fire elemental[a deep elf pyromancer] (7)]
 12891 | D:12     | HP: 1/156 [fire elemental[a deep elf pyromancer] (4)]
 12891 | D:12     | Mangled by a fire elemental

Illustrated notes

Levels and vault maps discovered:
D:1:      lightli_arrival_noodles, layout_loops_corners
D:2:      layout_basic, basic_altar, uniq_robin
D:3:      layout_rooms, nicolae_wu_jian_immortal_techniques,
          mainiacjoe_overflow_alcove_1, chequers_ecumenical_altar_island,
          minmay_misc_feat_enclosed, hangedman_feature_mirror, uniq_natasha,
          uniq_grinder
D:4:      layout_basic, nicolae_overflow_hidden_temple,
          nicolae_ossuary_entry_ruins, uniq_duvessa, uniq_sigmund,
          uniq_crazy_yiuf_cottage, uniq_blork_the_orc
D:5:      layout_loops_ring, hellmonk_bongcloud_opening
D:6:      layout_rooms, grunt_temple_overflow_opulence,
          nicolae_overflow_crystal_walls, minmay_temple_entry_purple_smoke
D:7:      layout_basic, kennysheep_pointless_box, minmay_stone_trees_small,
          chequers_serial_rivers_small_b
D:8:      nicolae_whirlpool, layout_cave_pools, pf_just_have_faith, special_room
          [special_room_orc], uniq_psyche
D:9:      layout_rooms, grunt_qazlal_clouds, hangedman_decor_slide_cut
D:10:     layout_basic
D:11:     layout_cave_pools, lair_entry_dummy, erik_orc_1
D:12:     layout_rooms, uniq_nessos
Temple:   bh_familiar_temple
Lair:1:   layout_roguey
Lair:2:   wander_river, layout_regular_city, palyth_hydra_swamp_entry
Lair:3:   layout_gridlike, spider_nest_entry_a, chequers_serial_rivers_small_a,
          grunt_megastairs_5
Lair:4:   layout_hall_layers, gammafunk_ghost_berserking_beasts,
          nicolae_volcano_entry_hallway, serial_bayou_shore_b
Lair:5:   grunt_lair_end_beastmaster, layout_regular_city, slime_entry_1,
          grunt_megastairs_2
Spider:1: layout_spider_delve, drop_trap, nicolae_looking_at_the_future,
          uniq_josephine

Skill      XL: |  1  2  3  4  5  6  7  8  9 10 11 12 |
---------------+-------------------------------------+-----
Unarmed Combat | 3 4 5 6 7 9 11 13 15 16 18 | 18.1
Invocations    | 4 |  4.7
Armour         | 2 6 9 |  9.1
Fighting       | |  2.4
Dodging        | |  2.4
Shields        | |  2.6

Action                   |  1- 3 |  4- 6 |  7- 9 | 10-12 || total
-------------------------+-------+-------+-------+-------++-------
Melee: Unarmed           |   104 |   143 |   387 |   499 ||  1133
Invok: Heroism           |       |       |     1 |     7 ||     8
       Finesse           |       |       |       |     1 ||     1
Evoke: Wand              |       |       |       |     8 ||     8
  Use: Scroll            |       |     8 |    13 |    13 ||    34
       Potion            |       |     1 |     5 |     5 ||    11
 Stab: Sleeping          |     1 |       |       |       ||     1
Armor: Robe              |    34 |    76 |    29 |       ||   139
       Steam dragon scal |       |       |   116 |   190 ||   306
Dodge: Dodged            |    29 |    46 |   115 |   150 ||   340
Block: Kite shield       |    34 |    53 |   113 |   134 ||   334
